 Dungeon Crawl Stone Soup version 0.20-a0-548-g4f8a798 (webtiles) character file.

428 Ijustatesigmund the Cutter (level 7, -1/40 HPs)
             Began as a Kobold Wizard on Feb 1, 2017.
             Was an Initiate of Cheibriados.
             Slain by a centaur
             ... wielding a +0 trident
              (6 damage)
             ... on level 5 of the Dungeon.
             The game lasted 00:14:32 (6276 turns).

Ijustatesigmund the Cutter (Kobold Wizard)          Turns: 6276, Time: 00:14:33

Health: -1/40      AC:  4    Str:  5    XL:     7   Next: 18%
Magic:  2/13       EV: 16    Int: 21    God:    Cheibriados [......]
Gold:   204        SH:  0    Dex: 16    Spells: 6/14 levels left

rFire    . . .     SeeInvis .   o - -1 short sword (curse)
rCold    . . .     Gourm    .   a - +0 robe
rNeg     . . .     Faith    .   (shield restricted)
rPois    .         Spirit   .   b - +1 hat
rElec    .         Reflect  .   (no cloak)
rCorr    .         Harm     .   (no gloves)
MR       .....                  i - +0 pair of boots
Stlth    ++........             (no amulet)
Regen    0.2/turn               (no ring)
                                k - ring of flight

@: very slow
A: carnivore 3
a: Bend Time, Renounce Religion, Evoke Flight


You were on level 5 of the Dungeon.
You worshipped Cheibriados.
Cheibriados was noncommittal.
You were not hungry.

You visited 2 branches of the dungeon, and saw 6 of its levels.

You collected 204 gold pieces.

Inventory:

Hand Weapons
 e - a +0 short sword
 o - a cursed -1 short sword (weapon)
Armour
 a - a +0 robe (worn)
 b - a +1 hat (worn)
 i - a +0 pair of boots (worn)
Jewellery
 k - a ring of flight (left hand)
Scrolls
 g - a scroll of teleportation
Potions
 j - a potion of cure mutation
Books
 c - a book of Minor Magic

   Spells                             Type                      Level
   a - Magic Dart                     Conjuration                  1
   b - Blink                          Translocation                2
   c - Call Imp                       Summoning                    2
   d - Repel Missiles                 Charms/Air                   2
   e - Slow                           Hexes                        2
   f - Conjure Flame                  Conjuration/Fire             3
   g - Mephitic Cloud                 Conjuration/Poison/Air       3
Comestibles
 d - 3 meat rations


   Skills:
 - Level 2.6 Fighting
 - Level 5.4 Short Blades
 + Level 2.8 Dodging
 - Level 2.6 Stealth
 - Level 4.1 Spellcasting
 - Level 3.1 Conjurations
   Level 1.0 Summonings
 - Level 1.0 Translocations
 + Level 0.6 Air Magic
 + Level 1.0 Poison Magic
 + Level 1.2 Invocations


You had 6 spell levels left.
You knew the following spells:

 Your Spells              Type           Power        Failure   Level  Hunger
a - Magic Dart            Conj           ###.         3%          1    None
b - Blink                 Tloc           N/A          12%         2    #......
c - Repel Missiles        Chrm/Air       #.....       17%         2    #......
d - Mephitic Cloud        Conj/Pois/Air  ##......     21%         3    ###....


Dungeon Overview and Level Annotations

Branches:
Dungeon (5/15)             Temple (1/1) D:5

Altars:
Cheibriados
Dithmenos
Elyvilon
Hepliaklqana
Kikubaaqudgha
Makhleb
Okawaru
Qazlal
Sif Muna
Uskayaw
Xom
Yredelemnul
The Shining One
Jiyva


Innate Abilities, Weirdness & Mutations

You are small and have problems with some larger weapons.
You are carnivorous and can eat meat at any time.


Message History

You start resting.
Casting: Magic Dart
Confirm with . or Enter, or press ? or * to list all spells.
You don't have enough magic to cast that spell.
Okay, then.
The centaur unwields an uncursed shortbow.
The centaur wields an uncursed trident.
The centaur hits you with an uncursed trident!
You hit the centaur but do no damage.
The centaur is lightly wounded.
The centaur hits you with an uncursed trident!
* * * LOW HITPOINT WARNING * * *
You hit the centaur but do no damage.
The centaur is lightly wounded.
The centaur closely misses you.
It was a potion of cancellation.
Your magical effects are unravelling.
You feel magically purged.
The centaur hits you with an uncursed trident.
You die...

........c...
#.... .c........
#.... ........
#.... #......
..... ... #.#
#####c###
+...@)..#
#####.#.# #.#.#
#.#.#
#.#.#.########
#.#.#........####
..#.#.######.....
###.# #..###
#.########..#


You could see a centaur.

Vanquished Creatures
  A centaur (D:5)
  A howler monkey (D:4)
  A hound (D:4)
  A bullfrog skeleton (D:4)
  4 worker ants (D:4)
  A howler monkey skeleton (D:4)
  2 gnolls (D:4)
  4 adders
  A shadow imp (D:5)
  2 oozes
  3 adder skeletons
  2 dart slugs
  3 leopard geckos
  7 orcs
  A ball python (D:4)
  3 giant cockroaches
  7 goblins
  2 hobgoblins
  3 jackals (D:5)
  6 kobolds
  3 quokkas
  3 bats (D:2)
  4 frilled lizards
  A jackal skeleton (D:3)
  5 rats
71 creatures vanquished.

Notes
Turn   | Place    | Note
-------+----------+-------------------------------------------
     0 | D:1      | Ijustatesigmund the Kobold Wizard began the quest for the Orb.
     0 | D:1      | Reached XP level 1. HP: 10/10 MP: 4/4
   187 | D:1      | Reached skill level 1 in Short Blades
   210 | D:1      | Reached XP level 2. HP: 15/15 MP: 4/6
   844 | D:2      | Learned a level 2 spell: Blink
   847 | D:2      | Learned a level 2 spell: Repel Missiles
   867 | D:2      | Reached skill level 2 in Short Blades
   874 | D:2      | Reached XP level 3. HP: 17/19 MP: 0/7
  1249 | D:2      | Reached skill level 3 in Short Blades
  1259 | D:2      | Reached XP level 4. HP: 24/24 MP: 5/8
  1662 | D:2      | Found a snail-covered altar of Cheibriados.
  2058 | D:3      | Found a glowing golden altar of the Shining One.
  2060 | D:3      | Found a hide-covered altar of Uskayaw.
  2252 | D:3      | Noticed a phantom
  2924 | D:4      | Reached XP level 5. HP: 13/28 MP: 0/9
  3153 | D:4      | Reached skill level 4 in Short Blades
  3154 | D:4      | Found an iron altar of Okawaru.
  3230 | D:4      | Reached skill level 1 in Fighting
  3501 | D:4      | Reached XP level 6. HP: 5/35 MP: 2/11
  3861 | D:4      | Reached skill level 5 in Short Blades
  4217 | D:5      | Entered Level 5 of the Dungeon
  4414 | D:5      | Found a staircase to the Ecumenical Temple.
  4423 | Temple   | Entered the Ecumenical Temple
  5067 | D:2      | Became a worshipper of Cheibriados the Contemplative
  5848 | D:4      | Noticed an ogre
  5882 | D:5      | Learned a level 3 spell: Mephitic Cloud
  6253 | D:5      | Reached skill level 1 in Poison Magic
  6253 | D:5      | Reached XP level 7. HP: 29/40 MP: 5/13
  6260 | D:5      | Reached skill level 1 in Invocations
  6276 | D:5      | Slain by a centaur

Vault maps used:
D:1:      minmay_arrival_radiant_lines
D:2:      kennysheep_slug_shrine
D:3:      ashenzari_conservatory_becter, minitemple,
          chequers_temple_overflow_statue_of_worship, fountainhead
D:4:      first_bread, solitary_fountain, okawaru_altar_gauntlet_db
D:5:      minmay_temple_entry_grid
Temple:   pf_slime_end_temple

Skill      XL: |  1  2  3  4  5  6  7 |
---------------+----------------------+-----
Short Blades   | 1 2 3 4 5 |  5.4
Conjurations   | 2 3 |  3.1
Fighting       | 1 2 |  2.6
Spellcasting   | 4 |  4.1
Poison Magic   | 1 |  1.0
Invocations    | 1 |  1.2
Dodging        | |  2.8
Stealth        | |  2.6
Summonings     | |  1.0
Translocations | |  1.0
Air Magic      | |  0.6

Action                   |  1- 3 |  4- 6 |  7- 9 || total
-------------------------+-------+-------+-------++-------
Melee: Short sword       |     5 |   172 |     2 ||   179
 Cast: Magic Dart        |    46 |   149 |     7 ||   202
       Repel Missiles    |     1 |     1 |       ||     2
       Blink             |       |     2 |       ||     2
       Mephitic Cloud    |       |     1 |       ||     1
  Use: Scroll            |       |    11 |       ||    11
       Potion            |       |     8 |     1 ||     9
 Stab: Sleeping          |     2 |     3 |       ||     5
  Eat: Chunk             |     6 |     9 |       ||    15
       Royal jelly       |       |     1 |       ||     1
Armor: Robe              |     1 |    34 |       ||    35
Dodge: Dodged            |     3 |   159 |     1 ||   163
       Deflected         |       |     3 |       ||     3
